 Dungeon Crawl Stone Soup version 0.30-a0-394-g3e4acdb (webtiles) character file.

Game seed: 2376219698763520958

1856050 Illumine the Petrodigitator (level 27, 190/190 HPs)
             Began as a Gargoyle Earth Elementalist on Dec 5, 2022.
             Was the Champion of Sif Muna.
             Escaped with the Orb
             ... and 4 runes on Dec 6, 2022!
             The game lasted 04:25:41 (110567 turns).

Illumine the Petrodigitator (GrEE)                Turns: 110567, Time: 04:25:41

Health: 190/190    AC: 32    Str: 13 (15) XL:     27
Magic:  10/42      EV: 20    Int: 32 (33) God:    Sif Muna [******]
Gold:   7326       SH: 14    Dex: 13 (14) Spells: 12/56 levels left

rFire   + + .      SeeInvis +    a - staff of earth
rCold   + + +      Faith    +    y - +2 shield of Resistance {rF++ rC++ Will++}
rNeg    + + +      Spirit   .    h - +2 robe {Archmagi}
rPois   ∞          Reflect  .    s - +2 hat {Int+3}
rElec   +          Harm     .    H - +2 cloak {rCorr}
rCorr   +          Rampage  .    u - +1 pair of gloves "Kucroysi" {Fly rC+ Str+3 Slay+2}
Will    ++++.      Archmagi +    e - +0 pair of boots "Fiopit" {rN+ Regen+}
Stlth   +.........               Z - amulet "Ugoseifo" {Faith Dex+4}
HPRegen 1.31/turn                B - ring of Kunol {rN+ MP+9}
MPRegen 0.28/turn                d - ring of see invisible

@: flying, studying 2 skills
A: sickness immunity, AC +20, big wings, negative energy resistance 1,
electricity resistance, torment resistance 1, petrification resistance, talons
1, deterioration 2, low MP 2, evolution 1, inability to read after injury 1,
MP-powered wands, noise suppression
0: Orb of Zot
}: 4/15 runes: barnacled, silver, abyssal, gossamer
a: Renounce Religion, Channel Magic, Forget Spell, Divine Exegesis


You escaped.
You worshipped Sif Muna.
Sif Muna was exalted by your worship.
You visited 11 branches of the dungeon, and saw 51 of its levels.
You visited the Abyss 1 time.
You also visited: Ossuary, Ice Cave and Wizlab.

You collected 9259 gold pieces.
You spent 1933 gold pieces at shops.

Inventory:

Hand Weapons
 b - the +11 flail of Fatigue {drain, rPois rF+ MP+9}
   (You took it off a deep elf zephyrmancer on level 3 of the Elven Halls)

   A truly terrible weapon, it drains the life of any living foe it strikes.
   rF:        It protects you from fire.
   rPois:     It protects you from poison.
   MP:        It affects your magic capacity (+9).
 M - the +6 flail of Mandamus {vamp, *Rage Int+6}
   (You found it on level 1 of the Crypt)

   It occasionally heals its wielder for a portion of the damage dealt when it
   wounds a living foe.
   Int:       It affects your intelligence (+6).
   *Rage:     It berserks you when you make melee attacks (+20% chance).
 V - a +2 sacred scourge of holy wrath
Armour
 e - the +0 pair of boots "Fiopit" (worn) {rN+ Regen+}
   (You acquired it on level 4 of the Vaults)

   rN:        It protects you from negative energy.
   Regen:     It increases your rate of health regeneration.
 h - a +2 robe of the Archmagi (worn)
 s - a +2 hat of intelligence (worn)
 u - the +1 pair of gloves "Kucroysi" (worn) {Fly rC+ Str+3 Slay+2}
   (You found it on level 5 of the Vaults)

   Str:       It affects your strength (+3).
   Slay:      It affects your accuracy & damage with ranged weapons and melee
   (+2).
   rC:        It protects you from cold.
   Fly:       It grants you flight.
 y - the +2 shield of Resistance (worn) {rF++ rC++ Will++}
   (You found it on level 5 of the Dungeon)

   rF:        It greatly protects you from fire.
   rC:        It greatly protects you from cold.
   Will:      It greatly increases your willpower.
 H - a +2 cloak of preservation (worn)
Magical Staves
 a - a staff of earth (weapon)
Jewellery
 d - a ring of see invisible (right hand)
 k - the ring of Bean {*Slow rN+++ Will+ Str+3 Dex+6}
   (You found it on level 5 of the Vaults)

   [ring of willpower]

   Str:       It affects your strength (+3).
   Dex:       It affects your dexterity (+6).
   rN:        It renders you almost immune to negative energy.
   *Slow:     It may slow you when you take damage.
   Will:      It increases your willpower.
 p - the ring of Yredelemnul's Grace {Ice Int+4}
   (You acquired it on level 4 of the Lair of Beasts)

   [ring of ice]

   It enhances your ice magic.
   Int:       It affects your intelligence (+4).
   rF:        It makes you vulnerable to fire.
   rC:        It protects you from cold.
 v - a ring of resist corrosion
 B - the ring of Kunol (left hand) {rN+ MP+9}
   (You found it on level 1 of the Vaults)

   [ring of positive energy]

   rN:        It protects you from negative energy.
   MP:        It affects your magic capacity (+9).
 F - an amulet of magic regeneration
 R - a ring of fire
 S - an amulet of the acrobat
 W - a +6 ring of intelligence
 Z - the amulet "Ugoseifo" (around neck) {Faith Dex+4}
   (You found it on level 5 of the Lair of Beasts)

   [amulet of faith]

   It allows you to gain divine favour quickly.
   Dex:       It affects your dexterity (+4).
Wands
 f - a wand of mindburst (9)
 w - a wand of iceblast (36)
 G - a wand of paralysis (44)
 J - a wand of quicksilver (14)
Scrolls
 l - 18 scrolls of teleportation
 r - 3 scrolls of summoning
 z - 10 scrolls of fear
 A - 5 scrolls of blinking
 C - 13 scrolls of butterflies
 D - 6 scrolls of magic mapping
 I - 11 scrolls of immolation
 O - 8 scrolls of vulnerability
 P - 13 scrolls of amnesia
 T - 11 scrolls of poison
 Y - 3 scrolls of torment
Potions
 g - 14 potions of brilliance
 i - a potion of magic
 j - 6 potions of attraction
 n - 28 potions of curing
 o - 12 potions of lignification
 q - 17 potions of heal wounds
 t - 4 potions of invisibility
 E - 3 potions of resistance
 K - 7 potions of mutation
 L - 7 potions of cancellation
 Q - 6 potions of ambrosia
 U - 3 potions of haste
Miscellaneous
 c - a tin of tremorstones (2/2)
 m - a condenser vane
 x - the horn of Geryon
 N - a lightning rod (4/4)
 X - a phantom mirror


   Skills:
 + Level 24.0 Fighting
 - Level 10.0(10.9) Axes
 + Level 7.7(10.4) Maces & Flails
 + Level 18.8 Dodging
 - Level 2.1 Stealth
 - Level 12.1 Shields
 - Level 15.0 Spellcasting
 - Level 16.0 Conjurations
 - Level 4.0 Hexes
 * Level 16.0 Necromancy
 - Level 3.0 Translocations
 - Level 0.7 Transmutations
 - Level 7.0 Ice Magic
 - Level 5.0 Air Magic
 O Level 27 Earth Magic
 - Level 10.1 Invocations
 - Level 5.0 Evocations


You had 12 spell levels left.
You knew the following spells:

 Your Spells              Type           Power      Damage    Failure   Level
a - Sandblast             Erth           100%       2d20      0%          1
b - Stone Arrow           Conj/Erth      100%       3d13      0%          3
c - Swiftness             Air            71%        N/A       1%          3
d - Lee's Rapid Deconstr  Erth           82%        3d37*     0%          5
e - Leda's Liquefaction   Hex/Erth       67%        N/A       1%          4
f - Freezing Cloud        Conj/Ice/Air   45%        6-21      2%          5
g - Blink                 Tloc           100%       N/A       1%          2
h - Iron Shot             Conj/Erth      76%        9d14      1%          6
i - Borgnjor's Vile Clut  Necr/Erth      76%        N/A       0%          5
j - Apportation           Tloc           100%       N/A       1%          1
k - Shatter               Erth           82%        3d60*     5%          9

Your spell library contained the following spells:

 Spells                   Type           Power      Damage    Failure   Level
 Kiss of Death            Conj/Necr      100%       2d13      0%          1
 Magic Dart               Conj           100%       1d8       0%          1
 Necrotise                Necr           100%       1d9       0%          1
 Searing Ray              Conj           100%       2d8       0%          2
 Vampiric Draining        Necr           100%       2d13      0%          3
 Foxfire                  Conj/Fire      100%       2x1d9     1%          1
 Freeze                   Ice            100%       1d10      1%          1
 Shock                    Conj/Air       100%       1d9       1%          1
 Slow                     Hex            100%       N/A       1%          1
 Ensorcelled Hibernation  Hex/Ice        100%       N/A       1%          2
 Momentum Strike          Conj/Tloc      100%       3d10      1%          2
 Passwall                 Tmut/Erth      100%       N/A       1%          2
 Poisonous Vapours        Pois/Air       100%       N/A       1%          2
 Static Discharge         Conj/Air       100%       2-7/arc   1%          2
 Confusing Touch          Hex            65%        N/A       1%          3
 Dazzling Flash           Conj/Hex       100%       N/A       1%          3
 Frozen Ramparts          Ice            100%       1d16      1%          3
 Hailstorm                Conj/Ice       98%        3d19      1%          3
 Mephitic Cloud           Conj/Pois/Air  80%        N/A       1%          3
 Ozocubu's Armour         Ice            80%        N/A       1%          3
 Tukima's Dance           Hex            65%        N/A       1%          3
 Vhi's Electric Charge    Tloc/Air       100%       N/A       1%          3
 Anguish                  Hex/Necr       46%        N/A       1%          4
 Animate Armour           Summ/Erth      100%       N/A       1%          4
 Animate Dead             Necr           100%       N/A       1%          4
 Dispel Undead            Necr           100%       3d31      1%          4
 Flame Wave               Conj/Fire      85%        2d18      1%          4
 Fulminant Prism          Conj/Hex       46%        3d21      1%          4
 Iskenderun's Mystic Bla  Conj/Tloc      91%        2d18      1%          4
 Petrify                  Tmut/Erth      100%       N/A       1%          4
 Sticky Flame             Conj/Fire      85%        2d10      1%          4
 Agony                    Necr           100%       N/A       1%          5
 Arcjolt                  Conj/Air       47%        1d57      1%          5
 Iskenderun's Battlesphe  Conj           100%       2d15      1%          5
 Lightning Bolt           Conj/Air       47%        1d68      1%          5
 Death Channel            Necr           56%        N/A       1%          6
 Beastly Appendage        Tmut           84%        N/A       2%          1
 Portal Projectile        Hex/Tloc       100%       N/A       2%          3
 Sting                    Tmut/Pois      100%       1d8       3%          1
 Summon Small Mammal      Summ           100%       N/A       3%          1
 Gell's Gravitas          Tloc           59%        N/A       3%          3
 Kindle Blastsparks       Fire/Tloc/Air  100%       2d18      3%          3
 Lesser Beckoning         Tloc           100%       N/A       3%          3
 Teleport Other           Tloc           59%        N/A       3%          3
 Fireball                 Conj/Fire      42%        3d17      3%          5
 Irradiate                Conj/Tmut      43%        3d26      3%          5
 Lehudib's Crystal Spear  Conj/Erth      76%        10d17     3%          8
 Wereblood                Tmut           42%        N/A       4%          2
 Inner Flame              Hex/Fire       53%        N/A       4%          3
 Summon Guardian Golem    Hex/Summ       53%        N/A       4%          3
 Airstrike                Air            35%        2d(6-22)  4%          4
 Simulacrum               Ice/Necr       49%        N/A       4%          6
 Orb of Destruction       Conj           56%        9d14      4%          7
 Call Imp                 Summ           36%        N/A       5%          2
 Scorch                   Fire           72%        2d9       5%          2
 Cause Fear               Hex            32%        N/A       7%          4
 Ice Form                 Ice/Tmut       64%        N/A       8%          4
 Conjure Ball Lightning   Conj/Air       47%        3x3d16    8%          6
 Summon Ice Beast         Ice/Summ       62%        N/A       9%          4
 Ignite Poison            Fire/Tmut/Pois 38%        N/A       10%         3
 Spider Form              Tmut/Pois      39%        N/A       10%         3
 Call Canine Familiar     Summ           36%        N/A       11%         3
 Manifold Assault         Tloc           59%        N/A       11%         4
 Passage of Golubria      Tloc           59%        N/A       11%         4
 Metabolic Englaciation   Hex/Ice        36%        N/A       11%         5
 Summon Lightning Spire   Summ/Air       56%        N/A       13%         4
 Silence                  Hex/Air        34%        N/A       16%         5
 Starburst                Conj/Fire      42%        6d12      21%         6
 Borgnjor's Revivificati  Necr           56%        N/A       32%         8
 Infestation              Necr           56%        N/A       32%         8
 Olgreb's Toxic Radiance  Pois           36%        N/A       34%         4
 Yara's Violent Unravell  Hex/Tmut       27%        3d12      36%         5
 Summon Mana Viper        Hex/Summ       53%        N/A       41%         5
 Summon Forest            Summ/Tloc      25%        N/A       47%         5
 Blade Hands              Tmut           21%        N/A       58%         5
 Alistair's Intoxication  Tmut/Pois      26%        N/A       65%         5
 Haunt                    Necr/Summ      42%        N/A       75%         7
 Spellforged Servitor     Conj/Summ      42%        N/A       75%         7
 Dispersal                Tloc           29%        N/A       85%         6
 Ozocubu's Refrigeration  Ice            40%        4d16      86%         7
 Eringya's Noxious Bog    Tmut/Pois      19%        N/A       99%         6
 Summon Cactus Giant      Summ           18%        N/A       99%         6
 Enfeeble                 Hex            32%        N/A       99%         7
 Death's Door             Necr           56%        N/A       99%         9
 Dragon Form              Tmut           21%        N/A       100%        7
 Malign Gateway           Summ/Tloc      25%        N/A       100%        7
 Monstrous Menagerie      Summ           18%        N/A       100%        7
 Storm Form               Tmut/Air       29%        N/A       100%        7
 Summon Hydra             Summ           18%        N/A       100%        7
 Discord                  Hex            32%        N/A       100%        8
 Disjunction              Tloc           29%        N/A       100%        8
 Ignition                 Fire           18%        3d7       100%        8
 Maxwell's Capacitive Co  Air            35%        ∞         100%        8
 Necromutation            Tmut/Necr      43%        N/A       100%        8
 Summon Horrible Things   Summ           18%        N/A       100%        8
 Chain Lightning          Conj/Air       47%        3d63      100%        9
 Dragon's Call            Summ           18%        N/A       100%        9
 Fire Storm               Conj/Fire      42%        8d11      100%        9
 Polar Vortex             Ice            40%        N/A       100%        9
 Sublimation of Blood     Necr           Unusable   N/A       N/A         2
 Cigotuvi's Dreadful Rot  Necr/Pois/Air  Unusable   N/A       N/A         2

Dungeon Overview and Level Annotations

Branches:
Dungeon (15/15)            Temple (0/1) D:6            Lair (5/5) D:8
 Shoals (4/4) Lair:3       Spider (4/4) Lair:3        Slime (0/5) Lair:4
    Orc (2/2) D:11            Elf (3/3) Orc:2        Vaults (5/5) D:14
  Crypt (3/3) Vaults:3       Tomb (0/3) Crypt:3      Depths (4/4) D:15
   Hell (visited)             Dis (0/7) Hell            Zot (5/5) Depths:4
Ossuary (visited)           IceCv (visited)          WizLab (visited)
    Geh: Hell:1         Coc: Hell:1         Tar: Hell:1

Altars:
Ashenzari
Cheibriados
Dithmenos
Fedhas
Gozag
Hepliaklqana
Kikubaaqudgha
Makhleb
Nemelex Xobeh
Okawaru
Qazlal
Ru
Sif Muna
Trog
Uskayaw
Vehumet
Wu Jian
Xom
Yredelemnul
Zin
Jiyva
Lugonu

Shops:
D:11 *=   D:12 :   D:14 [[   Orc:1 *   Orc:2 :***[(   Elf:1 *   Elf:3 [(*
Shoals:3 :   Shoals:4 (   Vaults:3 *   Vaults:4 ?   Vaults:5 (   Depths:3 *

Portals:
Hell: Depths:1 Depths:2 Depths:3 Depths:4
Abyss: Depths:1 Depths:2 Depths:3
Pandemonium: Depths:2 Depths:4
Ziggurat: Depths:1

Annotations:
Vaults:3 1 exclusion, Boris


Innate Abilities, Weirdness & Mutations

You are immune to sickness and miasma.
Your stone body is resilient. (AC +20)
You are immune to poison.
Your large and strong wings let you fly.
You resist negative energy. (rN+)
You are resistant to electric shocks. (rElec)
You are resistant to unholy torment.
You are immune to petrification.
You have sharp toenails.
Your body often deteriorates upon taking damage.
Your magical capacity is very low. (-20% MP)
You have hidden genetic potential.
You occasionally lose the ability to read scrolls when taking damage.
You expend magic power (3 MP) to strengthen your wands.
You passively dampen the noise of your surroundings.


Message History

Aiming: Iron Shot (mildly dangerous; 1% risk of failure)
Press: ? - help, Shift-Dir - straight line, f/p - Maonua
Aim: Maonua (lightly wounded, constricted by zombie hands, 100% to hit)
You feel a strong surge of power!
The iron shot hits the balrug!!!
You kill the balrug!
Sif Muna accepts your kill.
The zombie hands constrict Maonua!
You hear a chilling moan.
Maonua struggles to escape constriction.
Casting: Iron Shot (mildly dangerous; 1% risk of failure)
Confirm with . or Enter, or press ? or * to list all spells.
Aiming: Iron Shot (mildly dangerous; 1% risk of failure)
Press: ? - help, Shift-Dir - straight line, f/p - Maonua
Aim: Maonua (lightly wounded, constricted by zombie hands, 100% to hit)
You feel a strong surge of power!
The iron shot hits Maonua!!!!
Maonua is severely wounded.
The zombie hands constrict Maonua!!!
Maonua gestures at you. The bolt of cold misses you.
Casting: Iron Shot (mildly dangerous; 1% risk of failure)
Confirm with . or Enter, or press ? or * to list all spells.
Aiming: Iron Shot (mildly dangerous; 1% risk of failure)
Press: ? - help, Shift-Dir - straight line, f/p - Maonua
Aim: Maonua (almost dead, constricted by zombie hands, 100% to hit)
You feel a strong surge of power!
The iron shot hits Maonua!!!
You kill Maonua!
Sif Muna accepts your kill.
A hellwing comes into view.
Casting: Iron Shot (mildly dangerous; 1% risk of failure)
Confirm with . or Enter, or press ? or * to list all spells.
Aiming: Iron Shot (mildly dangerous; 1% risk of failure)
Press: ? - help, Shift-Dir - straight line, f - hellwing
Aim: a hellwing (83% to hit)
You feel a strong surge of power!
The iron shot hits the hellwing!!!
You kill the hellwing!
Sif Muna accepts your kill.
Unknown command.
There is an open gate here.
There is a staircase leading out of the dungeon here.
You have escaped!

#........⌠........##.## #.
#.................#.#.# #.
#.................##.## #.
#..#####...#####..).)# #.
#..#...#####...#..#### #.
#..#.8.......8.#..# ####.
#..#...........#..# #....
#..###.......###..# #.###
#....#...@...#....# #.#
#....#.......#....# #.#
#....#.......#....####.#
#....#.......#.........#
#....#.......#.........#
########....###...###....####.#
..............#'''#......# #.#
.#######.................# #.#
.##..........♣.....♣.....# #.#


There were no monsters in sight!

Vanquished Creatures
  2 dread liches
  11 orbs of fire
  An ancient lich (Zot:5)
  A juggernaut (Depths:3)
  Sojobo (Depths:3)
  Vv (Crypt:1)
  Bai Suzhen (Crypt:1)
  Xtahua (Vaults:4)
  Margery (Vaults:2)
  7 Killer Klowns
  A shard shrike (Zot:1)
  Geryon (Hell)
  Saint Roka (Vaults:4)
  A curse toe (Crypt:3)
  Jory (Crypt:3)
  15 golden dragons
  A profane servitor (Crypt:3)
  Nikola (Depths:2)
  2 bone dragons
  A hellephant (Zot:1)
  Arachne (Spider:2)
  4 electric golems
  The ghost of Tagg the Eclecticist, a veteran DjIE of Hepliaklqana (Vaults:4)
  12 liches
  Rupert (D:14)
  26 Orb Guardians
  Zenata (Vaults:3)
  9 tentacled monstrosities
  4 deep elf blademasters (Elf:3)
  8 titans
  A walking frostbound tome (Depths:3)
  7 quicksilver dragons
  2 deep elf master archers (Elf:3)
  10 death cobs
  A kraken (Shoals:2)
  Kirke (D:13)
  8 ancient champions
  6 tentacled starspawn
  A sphinx (shapeshifter) (D:13)
  8 sphinxes
  15 storm dragons
  A pandemonium lord (D:1)
  12 tengu reavers
  The ghost of Gunk the Brawler, a journeyman TrMo of Ru (Shoals:2)
  3 draconian monks (Zot:5)
  15 shadow dragons
  Roxanne (Elf:3)
  2 draconian knights
  Donald (Spider:1)
  Ilsuiw (Shoals:2)
  8 revenants
  3 iron dragons
  7 fire giants
  8 deep elf sorcerers
  12 frost giants
  21 vault wardens
  A balrug (D:1)
  14 draconian scorchers
  5 spectral caustic shrikes (Depths:3)
  8 emperor scorpions
  Louise (Spider:4)
  4 draconian shifters
  3 orc warlords
  8 ghost moths
  2 reapers (Hell)
  5 deep elf elementalists (Elf:3)
  6 curse skulls
  2 spriggan defenders (Depths:3)
  A ghoul (Vaults:3)
  6 angels
  20 ironbound preservers
  6 war gargoyles
  14 very ugly things
  4 draconian stormcallers
  4 vampire knights
  11 green draconians
  5 draconian annihilators
  A caustic shrike skeleton (Abyss:2)
  15 stone giants
  A juggernaut skeleton (Depths:1)
  The ghost of PublicAnimeNo1 the Geomancer, a journeyman DsEE of Ignis (D:11)
  6 ironbound thunderhulks
  5 deep elf demonologists
  Nessos (Lair:3)
  2 broodmothers
  7 deep elf annihilators
  9 black draconians
  A bunyip (Abyss:3)
  4 dire elephants
  8 red draconians
  9 yellow draconians
  9 white draconians
  A spark wasp (Depths:3)
  A blizzard demon (Zot:4)
  16 purple draconians
  8 ettins
  A crystal guardian (Vaults:4)
  8 merfolk javelineers
  Snorg (Orc:1)
  A green death (Zot:5)
  15 deep elf death magi
  18 yaktaur captains
  3 eidola
  11 fire dragons
  8 deep elf high priests
  9 merfolk impalers
  2 rakshasas
  A spriggan zombie (Abyss:2)
  12 jiangshi
  8 great orbs of eyes
  4 hell beasts
  Josephine (D:15)
  11 entropy weavers
  33 vault guards
  A catoblepas (D:13)
  An ice dragon (shapeshifter) (Vaults:5)
  A quicksilver dragon skeleton (Crypt:3)
  A spriggan air mage (Depths:2)
  11 ice dragons
  A caustic shrike simulacrum (Depths:1)
  4 hydras
  4 peacekeepers
  3 merfolk avatars
  7 ironbound frosthearts
  The ghost of Raluixt the Quickloader, a journeyman KoHu of Okawaru (D:13)
  8 boulder beetles
  5 ogre magi
  A jorogumo (Spider:3)
  14 centaur warriors
  3 alligator snapping turtles
  6 merfolk aquamancers
  3 satyrs
  9 two-headed ogres
  38 dancing weapons
  2 radroaches
  2 death knights
  5 deep troll shamans
  9 deep troll earth magi
  3 orc high priests
  6 tengu warriors
  8 hell hogs
  An Orb Guardian skeleton (Crypt:2)
  11 vampire magi
  4 thrashing horrors (Abyss:3)
  13 hell knights
  A spriggan (Depths:3)
  A sun demon (Hell)
  10 soul eaters
  11 deep elf knights
  2 pharaoh ants
  2 sun moths
  11 shadow wraiths
  A fire crab (Lair:4)
  2 sixfirhies (Abyss:3)
  3 wretched stars
  27 skeletal warriors
  A cherub (D:15)
  A salamander mystic (Depths:3)
  A death drake (Abyss:2)
  A death drake (shapeshifter) (Depths:1)
  An anaconda zombie (Crypt:2)
  A fire crab (shapeshifter) (Vaults:5)
  4 iron trolls
  14 sea snakes
  8 steelbarb worms
  59 deep trolls
  A lindwurm (shapeshifter) (D:8)
  7 glowing orange brains
  4 orb spiders
  14 deep elf archers
  8 flayed ghosts
  9 phantasmal warriors
  A harpy (shapeshifter) (D:14)
  A spriggan simulacrum (Spider:1)
  A bunyip skeleton (Crypt:3)
  An obsidian statue (Zot:5)
  A tengu zombie (Depths:1)
  22 deep elf zephyrmancers
  5 lindwurms
  4 wizards
  15 large abominations
  23 ironbound convokers
  Pikel (D:9)
  6 orc knights
  2 fire giant zombies (Crypt:3)
  A shadow dragon zombie (Depths:1)
  22 wolf spiders
  38 ugly things
  11 necromancers
  An anaconda skeleton (Crypt:3)
  8 orc sorcerers
  A mana viper (shapeshifter) (Vaults:5)
  A frost giant zombie (Depths:1)
  A faun (shapeshifter) (Elf:1)
  40 deep elf pyromancers
  16 manticores
  3 tengu skeletons
  20 moths of wrath
  A stone giant zombie (Crypt:3)
  12 cyclopes
  A frost giant skeleton (Crypt:3)
  A dire elephant zombie (Crypt:3)
  19 fauns
  2 centaur zombies
  3 spectral centaurs (D:11)
  21 elephants
  3 salamanders (Depths:3)
  A worldbinder (Abyss:3)
  13 merfolk sirens
  A black mamba (Lair:4)
  8 smoke demons
  3 molten gargoyles (Hell)
  17 vault sentinels
  A centaur skeleton (Crypt:3)
  A cane toad (shapeshifter) (Vaults:5)
  A hellion (D:6)
  8 water nymphs
  A gargoyle (D:11)
  3 orange demons
  An unseen horror (D:13)
  14 cane toads
  2 kobold demonologists (D:14)
  An unseen horror (shapeshifter) (Abyss:3)
  A tormentor (Hell)
  14 demonic crawlers
  7 freezing wraiths
  7 torpor snails
  A swamp worm zombie (Crypt:2)
  6 rime drakes
  3 ancient zymes (Abyss:3)
  An ice devil (Depths:4)
  A yellow draconian skeleton (Crypt:1)
  13 komodo dragons
  47 yaktaurs
  2 harpy zombies
  4 hellwings
  5 guardian mummies
  A black draconian skeleton (Crypt:2)
  17 tengu conjurers
  A mana viper zombie (Crypt:2)
  A red devil (Hell)
  6 polar bears
  8 trolls
  A human skeleton (Vaults:3)
  6 meliai
  49 merfolk
  2 elf skeletons
  16 blink frogs
  A raiju (Abyss:2)
  9 wind drakes
  A boulder beetle zombie (Crypt:1)
  A sphinx simulacrum (Vaults:1)
  2 ettin zombies
  33 tarantellas
  A harpy skeleton (Crypt:1)
  4 hornets
  47 slime creatures
  A death drake skeleton (Crypt:1)
  9 snapping turtles
  12 dream sheep
  A fire dragon skeleton (Crypt:1)
  A centaur simulacrum (D:11)
  A black mamba zombie (Crypt:1)
  12 water elementals
  4 air elementals
  29 jumping spiders
  28 culicivoras
  An ettin skeleton (Depths:1)
  11 flying skulls
  2 shadows
  6 wyverns
  9 starcursed masses
  A dire elephant simulacrum (Spider:1)
  The ghost of AnyaLaVert the Trooper, an amateur DrWn (D:4)
  Eustachio (D:6)
  3 fire elementals
  A hog (shapeshifter) (Depths:3)
  53 yaks
  9 vampires
  14 wraiths
  2 elf zombies
  7 hogs
  4 chaos spawn
  2 fire bats (Abyss:3)
  85 redbacks
  7 small abominations
  3 basilisks
  11 vampire mosquitoes
  Grum (D:9)
  3 neqoxecs
  3 steam dragons
  Menkaure (D:4)
  A warg (shapeshifter) (Depths:2)
  4 wargs
  2 harpy simulacra
  A swamp worm (shapeshifter) (Abyss:3)
  An acid dragon (D:13)
  2 hydra simulacra (Zot:1)
  18 water moccasins
  A floating eye (Depths:2)
  6 black bears
  An alligator simulacrum (Spider:1)
  32 orc warriors
  2 sky beasts
  2 ice beasts (D:6)
  13 ogres
  16 wolves
  11 centaurs
  8 kobold brigands
  9 bullfrogs
  A salamander zombie (Crypt:3)
  A gnoll sergeant (D:10)
  An earth elemental (Abyss:3)
  3 necrophages
  A scorpion (Lair:1)
  4 deep troll simulacra (Spider:1)
  9 wights
  A cyclops skeleton (Crypt:2)
  15 killer bees
  A queen bee zombie (Crypt:1)
  A warg skeleton (Crypt:3)
  A lindwurm simulacrum (Spider:1)
  7 howler monkeys
  2 electric eels (Lair:4)
  A crimson imp (Abyss:2)
  A quasit (Abyss:2)
  4 human zombies
  14 orc priests
  2 gnoll boudas
  3 hounds
  5 jellies
  An iron imp (Abyss:2)
  Jessica (D:2)
  A scorpion zombie (Crypt:1)
  Natasha (thrice) (D:2)
  15 orc wizards
  4 polar bear simulacra (Lair:4)
  A yak simulacrum (Lair:4)
  4 hell rats (Hell)
  10 statues
  3 wolf simulacra (Lair:4)
  A deep dwarf skeleton (Crypt:3)
  3 hound zombies (Ossuary)
  4 mummies (Ossuary)
  11 gnolls
  4 adders
  A river rat (D:4)
  A steam dragon skeleton (Crypt:3)
  A swamp drake skeleton (Crypt:3)
  A shadow imp (D:7)
  3 white imps
  An ufetubus (Vaults:3)
  An adder zombie (Crypt:3)
  A worm (D:4)
  A dart slug (D:1)
  54 orcs
  6 bats
  A bat skeleton (Crypt:2)
  5 endoplasms
  A giant cockroach (D:2)
  7 goblins
  6 hobgoblins
  13 kobolds
  2 quokkas
  9 ball pythons
  A ball python zombie (Crypt:1)
  3 frilled lizards
  2 hobgoblin zombies (Ossuary)
  A jackal zombie (Ossuary)
  2 orc zombies (Ossuary)
  7 rats
  3 rat zombies (Ossuary)
  3 river rat simulacra (Lair:4)
  A river rat skeleton (Crypt:3)
  2 butterflies
  4 starspawn tentacles
  4 tentacles (Shoals:2)
2513 creatures vanquished.

Vanquished Creatures (collateral kills)
  Mennas (Vaults:4)
  An orc sorcerer (Orc:2)
2 creatures vanquished.

Vanquished Creatures (others)
  A caustic shrike (Zot:3)
  A caustic shrike zombie (Crypt:3)
  A fire dragon (Abyss:3)
  A phantasmal warrior (Vaults:5)
  A smoke demon (Abyss:3)
  A chaos spawn (Abyss:3)
  A basilisk (shapeshifter) (Depths:3)
  A human (D:9)
  A ball lightning (Zot:5)
  2 demonic plants (Abyss:3)
  49 fungi
  2 pillars of salt (Zot:2)
  147 plants
  12 starspawn tentacles
  6 tentacles (Shoals:2)
  61 withered plants (Crypt:2)
288 creatures vanquished.

Grand Total: 2803 creatures vanquished

Notes
Turn   | Place    | Note
-------+----------+-------------------------------------------
     0 | D:1      | Illumine the Gargoyle Earth Elementalist began the quest
                  | for the Orb.
     0 | D:1      | Reached XP level 1. HP: 10/10 MP: 3/3
   162 | D:1      | Reached skill level 4 in Earth Magic
   162 | D:1      | Reached XP level 2. HP: 15/15 MP: 1/5
   522 | D:1      | Reached XP level 3. HP: 19/19 MP: 3/6
   843 | D:2      | Noticed Natasha
   847 | D:2      | Killed Natasha
   900 | D:2      | Noticed Jessica
   903 | D:2      | Killed Jessica
   904 | D:2      | Reached skill level 1 in Shields
   904 | D:2      | Reached XP level 4. HP: 24/24 MP: 5/8
  1179 | D:2      | Noticed Natasha
  1184 | D:2      | Killed Natasha
  1185 | D:2      | Reached skill level 5 in Earth Magic
  1338 | D:2      | Found a faded altar of an unknown god.
  1448 | D:2      | You are sucked into a shaft and drop 1 floor!
  1482 | D:3      | Reached XP level 5. HP: 28/28 MP: 7/9
  1486 | D:3      | Learned a level 3 spell: Stone Arrow
  1720 | D:2      | Noticed Natasha
  1725 | D:2      | Killed Natasha
  2026 | D:3      | Learned a level 3 spell: Swiftness
  2072 | D:3      | Found a broken altar of Ashenzari.
  2298 | D:3      | Found an iron altar of Okawaru.
  2797 | D:4      | Noticed a black bear
  2970 | D:4      | Noticed a black bear
  3180 | D:4      | Found a shimmering blue altar of Sif Muna.
  3180 | D:4      | Noticed Menkaure
  3184 | D:4      | Killed Menkaure
  3185 | D:4      | Reached skill level 1 in Conjurations
  3185 | D:4      | Reached XP level 6. HP: 21/32 MP: 5/11
  3187 | D:4      | Reached skill level 1 in Air Magic
  3237 | D:4      | Became a worshipper of Sif Muna the Loreminder
  3302 | D:4      | Found a runed translucent door.
  3303 | D:4      | Noticed AnyaLaVert's ghost (amateur DrWn)
  3344 | D:4      | Killed a black bear
  3509 | D:4      | Found a runed translucent door.
  3674 | D:4      | Killed a black bear
  3675 | D:4      | Reached XP level 7. HP: 36/36 MP: 4/13
  4072 | D:4      | Found a basalt altar of Yredelemnul.
  4118 | D:4      | Found a glowing silver altar of Zin.
  4121 | D:4      | Found a sacrificial altar of Ru.
  4121 | D:4      | Found a stormy altar of Qazlal.
  4128 | D:4      | Found a snail-covered altar of Cheibriados.
  4240 | D:5      | Entered Level 5 of the Dungeon
  4240 | D:5      | Found the +2 shield of Resistance {rF++ rC++ Will++}
  4254 | D:5      | Reached skill level 6 in Earth Magic
  4967 | D:5      | Reached XP level 8. HP: 41/41 MP: 9/14
  5236 | D:6      | Found a staircase to the Ecumenical Temple.
  5381 | D:6      | Found a bloodstained altar of Trog.
  5466 | D:6      | Reached * piety under Sif Muna
  5659 | D:6      | Noticed Eustachio
  5667 | D:6      | Killed Eustachio
  5668 | D:6      | Reached skill level 5 in Spellcasting
  5668 | D:6      | Reached skill level 7 in Earth Magic
  5854 | D:6      | Reached skill level 5 in Shields
  6066 | D:7      | Reached XP level 9. HP: 41/46 MP: 8/16
  6251 | D:7      | Reached skill level 1 in Fighting
  6372 | D:7      | Reached skill level 5 in Conjurations
  6578 | D:7      | Found a large runed translucent door.
  6579 | D:7      | Found a large runed translucent door.
  6646 | D:7      | Found a shimmering altar of Xom.
  6746 | D:7      | Learned a level 5 spell: Lee's Rapid Deconstruction
  6755 | D:7      | Reached ** piety under Sif Muna
  6947 | D:8      | Reached skill level 8 in Earth Magic
  7070 | D:8      | Identified the +7 war axe of Bread {freeze, *Noise rCorr
                  | Str+2}
  7155 | D:8      | Reached XP level 10. HP: 54/56 MP: 10/19
  7167 | D:8      | Reached skill level 1 in Axes
  7320 | D:8      | Found a staircase to the Lair.
  7365 | D:8      | Noticed a two-headed ogre
  7375 | D:8      | Killed a two-headed ogre
  7382 | D:8      | Found a sand-covered staircase.
  7419 | Ossuary  | Entered an ossuary
  7794 | D:8      | Learned a level 4 spell: Leda's Liquefaction
  8386 | D:8      | Noticed a two-headed ogre
  8390 | D:8      | Killed a two-headed ogre
  8391 | D:8      | Reached skill level 9 in Earth Magic
  8399 | D:8      | Noticed a two-headed ogre
  8492 | D:8      | Killed a two-headed ogre
  8493 | D:8      | Reached skill level 5 in Air Magic
  8493 | D:8      | Reached XP level 11. HP: 55/62 MP: 5/20
  8577 | D:8      | Reached skill level 5 in Fighting
  8666 | D:8      | Noticed a manticore
  8679 | D:8      | Killed a manticore
  8703 | D:8      | Noticed a four-headed hydra
  8971 | D:8      | Noticed a lindwurm
  8974 | D:8      | Killed a lindwurm
  9036 | Lair:1   | Entered Level 1 of the Lair of Beasts
  9167 | Lair:1   | Reached *** piety under Sif Muna
  9492 | Lair:1   | Reached skill level 1 in Invocations
 10904 | Lair:2   | Reached skill level 10 in Earth Magic
 10994 | Lair:2   | Reached skill level 1 in Hexes
 10997 | Lair:2   | Reached XP level 12. HP: 67/70 MP: 5/23
 11155 | Lair:2   | Reached skill level 5 in Dodging
 11352 | Lair:2   | You fall into a shaft and drop 1 floor!
 11362 | Lair:3   | Found a staircase to the Shoals.
 11827 | Lair:3   | Noticed Nessos
 12204 | D:9      | Found an ancient bone altar of Kikubaaqudgha.
 12235 | D:9      | Found a blossoming altar of Fedhas.
 12405 | D:9      | Found a sacrificial altar of Ru.
 12480 | D:9      | Noticed Pikel
 12485 | D:9      | Killed Pikel
 12710 | D:9      | Found a hide-covered altar of Uskayaw.
 12803 | D:9      | Noticed Grum
 12810 | D:9      | Reached **** piety under Sif Muna
 12815 | D:9      | Killed Grum
 13034 | D:9      | Identified the +1 ring mail "Ihaubrite" {Will+}
 13197 | D:9      | Found a burning altar of Makhleb.
 13354 | D:9      | Found a radiant altar of Vehumet.
 13425 | D:9      | Found a shadowy altar of Dithmenos.
 13533 | D:9      | Found a sparkling altar of Nemelex Xobeh.
 13737 | D:10     | Entered Level 10 of the Dungeon
 13926 | D:10     | Noticed a two-headed ogre
 13931 | D:10     | Killed a two-headed ogre
 14224 | D:10     | Identified 2 scrolls of acquirement
 14277 | D:10     | Acquired the +1 hat "Nemeg" {Will+}
 14290 | D:10     | Acquired a +1 hat of intelligence
 14714 | D:11     | Found a staircase to the Orcish Mines.
 14818 | D:11     | Found a runed translucent gate.
 14818 | D:11     | Found a runed translucent gate.
 14818 | D:11     | Found a runed translucent gate.
 14823 | D:11     | Noticed PublicAnimeNo1's ghost (journeyman DsEE)
 15007 | D:11     | Noticed a boulder beetle
 15021 | D:11     | Killed a boulder beetle
 15022 | D:11     | Reached skill level 5 in Axes
 15277 | D:11     | Found Fybur's Jewellery Boutique.
 15299 | D:11     | Found Sydogh's Fire Supplies.
 15305 | D:11     | Identified the ring of Propriety {Ice *Corrode rElec
                  | Will+++ Int-2 Slay+6}
 15330 | D:11     | Gained mutation: You are partially covered in large bone
                  | plates. (SH +4) [potion of mutation]
 15330 | D:11     | Gained mutation: You have a pair of small horns on your
                  | head. [potion of mutation]
 15330 | D:11     | Gained mutation: You are agile. (Dex +4, Str/Int -1)
                  | [potion of mutation]
 15793 | D:8      | Noticed a boulder beetle
 15804 | D:8      | Killed a boulder beetle
 15805 | D:8      | Reached XP level 13. HP: 72/76 MP: 19/25
 15920 | D:4      | Killed AnyaLaVert's ghost
 16242 | Orc:1    | Entered Level 1 of the Orcish Mines
 16754 | Orc:1    | Found Siarie's Gadget Gallery.
 17035 | Orc:1    | Noticed Snorg
 17051 | Orc:1    | Killed Snorg
 17052 | Orc:1    | Reached skill level 11 in Earth Magic
 17052 | Orc:1    | Reached skill level 5 in Invocations
 17348 | Orc:2    | Entered Level 2 of the Orcish Mines
 17348 | Orc:2    | Noticed an orc warlord
 17379 | Orc:2    | Reached ***** piety under Sif Muna
 17814 | Orc:1    | Received a gift from Sif Muna
 17819 | Orc:1    | Got Afos's Octavo of Hiemal Execration {god gift}
 17826 | Orc:1    | Learned a level 5 spell: Freezing Cloud
 18035 | Orc:2    | Reached skill level 10 in Shields
 18046 | Orc:2    | Reached skill level 1 in Ice Magic
 18065 | Orc:2    | Found a staircase to the Elven Halls.
 18292 | Orc:2    | Noticed an orc warlord
 18408 | Orc:1    | HP: 1/78 [orc warlord/+0 battleaxe (22)]
 18417 | Orc:1    | Killed an orc warlord
 18924 | Orc:2    | Paralysed by an orc sorcerer for 3 turns
 18927 | Orc:2    | Killed an orc warlord
 18933 | Orc:2    | Found Erusu's Antique Weapon Boutique.
 18959 | Orc:2    | Found Nycezaj's Antique Armour Emporium.
 19194 | Orc:2    | Found Weyf's Book Emporium.
 19200 | Orc:2    | Found a burning altar of Makhleb.
 19206 | Orc:2    | Bought a book of Armaments for 468 gold pieces
 19410 | Orc:2    | Bought a runed scarf for 200 gold pieces
 19432 | Orc:2    | Found Xyrghiba's Specific Store.
 19434 | Orc:2    | Found Ywnoen Inie's General Store.
 19437 | Orc:2    | Bought a scroll of identify for 30 gold pieces
 19470 | Orc:2    | Found Nerulot's General Store.
 19967 | D:12     | Learned a level 2 spell: Blink
 20394 | D:12     | Found Xiezem's Book Emporium.
 20520 | D:12     | Gained mutation: Your large and strong wings let you fly.
                  | [Gargoyle growth]
 20520 | D:12     | Reached XP level 14. HP: 84/84 MP: 15/26
 21157 | D:13     | Found a runed translucent gate.
 21157 | D:13     | Found a runed translucent gate.
 21157 | D:13     | Found a runed translucent gate.
 21157 | D:13     | Noticed Raluixt's ghost (journeyman KoHu)
 21158 | D:13     | Noticed a sphinx
 21281 | D:13     | Reached skill level 1 in Translocations
 21715 | D:13     | Noticed Kirke
 21722 | D:13     | Killed Kirke
 22359 | D:13     | Reached skill level 5 in Ice Magic
 22828 | D:13     | an ettin changed into a quicksilver ooze
 22828 | D:13     | Noticed a quicksilver ooze (shapeshifter)
 22864 | D:13     | a quicksilver ooze changed into an eleionoma
 22864 | D:13     | Noticed an eleionoma (shapeshifter)
 23142 | D:14     | Reached skill level 12 in Earth Magic
 23222 | D:14     | Reached skill level 10 in Conjurations
 23686 | D:14     | Found an opulent altar of Gozag.
 23842 | D:14     | Found Rofreibor's Antique Armour Shop.
 23849 | D:14     | Found a snail-covered altar of Cheibriados.
 24063 | D:14     | Identified the +6 war axe "Newt's Nightmare" {venom, Int+4}
 24159 | D:14     | Found Cheibriados's Comfort Zone.
 24264 | D:14     | Noticed Rupert
 24381 | D:13     | Noticed a fenstrider witch
 24706 | Lair:3   | Killed Nessos
 25063 | Lair:3   | Found a hole to the Spider Nest.
 25217 | Lair:3   | Reached XP level 15. HP: 91/91 MP: 22/28
 25401 | Lair:3   | Received a gift from Sif Muna
 25417 | Lair:3   | Got Gimodiesou's Anthology of Enchanting Outbursts {god
                  | gift}
 26171 | Lair:4   | Acquired the ring of Yredelemnul's Grace {Ice Int+4}
 26239 | Lair:4   | Found a staircase to the Slime Pits.
 26239 | Lair:4   | Found a viscous altar of Jiyva.
 26436 | Lair:4   | Reached skill level 10 in Fighting
 27269 | Lair:4   | Received a gift from Sif Muna
 27277 | Lair:4   | Got Sif Muna's Octavo of Hurting {god gift}
 27473 | Lair:5   | Entered Level 5 of the Lair of Beasts
 27644 | Lair:5   | Found the +3 hat of Pondering {ponderous, Will+ MP+10
                  | Int+5}
 27768 | Lair:5   | Reached skill level 10 in Spellcasting
 28424 | Lair:4   | Learned a level 6 spell: Iron Shot
 28516 | Lair:5   | Identified the amulet "Ugoseifo" {Faith Dex+4}
 28530 | Lair:5   | Identified the +0 trident "Femyno" {flame, rCorr}
 29057 | Spider:1 | Entered Level 1 of the Spider Nest
 29071 | Spider:1 | Found a frozen archway.
 29228 | IceCv    | Entered an ice cave
 29238 | IceCv    | Reached XP level 16. HP: 61/99 MP: 12/30
 29616 | Spider:1 | Reached skill level 13 in Earth Magic
 30058 | Spider:1 | You are sucked into a shaft and drop 1 floor!
 30315 | Spider:1 | Noticed Donald
 30443 | Spider:1 | Received a gift from Sif Muna
 30453 | Spider:1 | HP: 5/100 [jumping spider (4)]
 30592 | Spider:1 | Got Sif Muna's Anthology of Dimensional Earth {god gift}
 31305 | Spider:1 | Upgraded the game from 0.30-a0-393-g54b8e3b to
                  | 0.30-a0-394-g3e4acdb
 31855 | Spider:2 | Noticed Arachne
 32927 | Spider:3 | Received a gift from Sif Muna
 32936 | Spider:3 | Got Sif Muna's Reference Book on Permutations and Hexes
                  | {god gift}
 32953 | Spider:3 | Reached skill level 14 in Earth Magic
 34522 | Spider:3 | Reached XP level 17. HP: 108/108 MP: 28/31
 34532 | Spider:3 | Received a gift from Sif Muna
 34533 | Spider:3 | Got Sif Muna's Volume of Arenous Clouds {god gift}
 34540 | Spider:3 | Learned a level 5 spell: Borgnjor's Vile Clutch
 34991 | Spider:4 | Entered Level 4 of the Spider Nest
 35067 | Spider:4 | Reached skill level 1 in Necromancy
 35694 | D:11     | Bought a ring of see invisible for 195 gold pieces
 36574 | Spider:4 | Identified the -1 tower shield "Vempit Pism" {rF+ Str-3
                  | Int+4 Dex+4}
 36574 | Spider:4 | Noticed Louise
 36628 | Spider:4 | Killed Louise
 37725 | Spider:4 | Reached skill level 15 in Earth Magic
 37725 | Spider:4 | Reached XP level 18. HP: 114/114 MP: 6/32
 37726 | Spider:4 | Reached skill level 5 in Necromancy
 37726 | Spider:4 | Reached skill level 16 in Earth Magic
 37726 | Spider:4 | Reached XP level 19. HP: 119/119 MP: 6/33
 37885 | Spider:4 | Acquired 760 gold pieces
 38362 | Spider:4 | Received a gift from Sif Muna
 39120 | Spider:4 | Got a gossamer rune of Zot
 39364 | Shoals:1 | Entered Level 1 of the Shoals
 39410 | Shoals:1 | Acquired 685 gold pieces
 39810 | Shoals:1 | Reached skill level 10 in Dodging
 39820 | Shoals:1 | Acquired 815 gold pieces
 39914 | Shoals:1 | Acquired a Young Poisoner's Handbook
 41875 | Shoals:2 | Found a runed translucent door.
 41886 | Shoals:2 | Noticed Gunk's ghost (journeyman TrMo)
 41900 | Shoals:2 | Killed Gunk's ghost
 41901 | Shoals:2 | Reached XP level 20. HP: 104/126 MP: 7/34
 42193 | Shoals:2 | Received a gift from Sif Muna
 42194 | Shoals:2 | Got Sif Muna's Enchiridion on the Kinetic Jaunt {god gift}
 42713 | Shoals:2 | Noticed Ilsuiw
 42736 | Shoals:2 | Killed Ilsuiw
 42932 | Shoals:4 | Entered Level 4 of the Shoals
 43135 | Shoals:3 | Reached skill level 17 in Earth Magic
 43820 | Shoals:3 | Found Ruong's Book Shoppe.
 44479 | Shoals:3 | Received a gift from Sif Muna
 44574 | Shoals:3 | Got Wiunt's Compilation of the Spellbinding Wind {god gift}
 44787 | Shoals:4 | Got the Directory of Enthralling Pollution
 44810 | Shoals:4 | Identified the +10 glaive "Vaupp" {freeze, rC+ rN+ rCorr}
 45145 | Shoals:4 | Got the Quarto of the Flinty Birds
 46277 | Shoals:4 | Got a barnacled rune of Zot
 46789 | Shoals:4 | Reached ****** piety under Sif Muna
 47134 | Shoals:4 | Found Cuimotic's Antique Weapon Boutique.
 47538 | D:11     | Killed PublicAnimeNo1's ghost
 47539 | D:11     | Received a gift from Sif Muna
 48219 | D:14     | Found a gate to the Vaults.
 48416 | D:14     | Killed Rupert
 48507 | D:15     | Entered Level 15 of the Dungeon
 48927 | D:15     | Noticed Josephine
 48937 | D:15     | Killed Josephine
 48938 | D:15     | Reached skill level 15 in Fighting
 49159 | D:15     | Reached skill level 18 in Earth Magic
 49639 | D:15     | Found a staircase to the Depths.
 49892 | Vaults:1 | Entered Level 1 of the Vaults
 50177 | Vaults:1 | Received a gift from Sif Muna
 50200 | Vaults:1 | Learned a level 1 spell: Apportation
 50792 | Vaults:1 | Reached XP level 21. HP: 134/134 MP: 32/35
 51610 | Vaults:1 | Identified the ring of Kunol {rN+ MP+9}
 52797 | Vaults:2 | Received a gift from Sif Muna
 52798 | Vaults:2 | Got Sif Muna's Parchment of Arcane Weapons {god gift}
 53829 | Vaults:2 | Noticed Margery
 53833 | Vaults:2 | Killed Margery
 53848 | Vaults:2 | Reached skill level 10 in Invocations
 54628 | Vaults:2 | Received a gift from Sif Muna
 55367 | Vaults:2 | Reached skill level 19 in Earth Magic
 56179 | Vaults:3 | Received a gift from Sif Muna
 56181 | Vaults:3 | Got Daomu's Incunable of Forceful Evil Secrets {god gift}
 56434 | Vaults:3 | Reached XP level 22. HP: 137/143 MP: 23/36
 57201 | Vaults:3 | Found a staircase to the Crypt.
 57243 | Vaults:3 | Found Lozxiogi's General Store.
 57903 | Vaults:3 | Received a gift from Sif Muna
 58285 | Vaults:3 | Noticed Boris
 59022 | Vaults:4 | Noticed Saint Roka
 59032 | Vaults:4 | Killed Saint Roka
 59207 | Vaults:4 | Noticed Xtahua
 59212 | Vaults:4 | Killed Xtahua
 59329 | Vaults:4 | Reached skill level 20 in Earth Magic
 59331 | Vaults:4 | Reached skill level 10 in Necromancy
 60038 | Vaults:4 | Received a gift from Sif Muna
 60048 | Vaults:4 | Got Sif Muna's Quarto of Death and Outbursts {god gift}
 60421 | Vaults:4 | Noticed Mennas
 60726 | Elf:1    | Entered Level 1 of the Elven Halls
 60849 | Elf:1    | Found Wuf Tome's General Store.
 61935 | Elf:1    | Paralysed by an air elemental for 1 turns
 61939 | Elf:1    | Paralysed by an air elemental for 1 turns
 61944 | Elf:1    | Paralysed by an air elemental for 1 turns
 61950 | Elf:1    | Paralysed by an air elemental for 1 turns
 61955 | Elf:1    | Reached skill level 21 in Earth Magic
 62491 | Elf:1    | Got the Quarto of Summoned Battle Magic
 62714 | Elf:2    | Paralysed by an air elemental for 1 turns
 63396 | Elf:2    | Reached XP level 23. HP: 141/150 MP: 24/37
 63478 | Elf:2    | Found a huge runed translucent gate.
 63478 | Elf:2    | Found a huge runed translucent gate.
 63478 | Elf:2    | Found a huge runed translucent gate.
 63478 | Elf:2    | Found a huge runed translucent gate.
 63478 | Elf:2    | Found a huge runed translucent gate.
 63747 | Elf:2    | Received a gift from Sif Muna
 63748 | Elf:2    | Got Sif Muna's Volume of the Hyperbolic Barrage {god gift}
 64559 | Depths:1 | Entered Level 1 of the Depths
 65641 | Depths:1 | Found a one-way gateway to a ziggurat.
 65818 | Depths:1 | Found a one-way gate to the infinite horrors of the Abyss.
 66143 | Depths:1 | Found a gateway to Hell.
 66543 | Depths:1 | Learned a level 9 spell: Shatter
 66651 | Depths:1 | Reached skill level 22 in Earth Magic
 67660 | Depths:2 | Received a gift from Sif Muna
 68486 | Depths:2 | Noticed a golden dragon
 68491 | Depths:2 | Killed a golden dragon
 68592 | Depths:2 | Found a corrupted altar of Lugonu.
 68662 | Depths:2 | Noticed Nikola
 68667 | Depths:2 | Killed Nikola
 68835 | Depths:2 | Found a one-way gate leading to the halls of Pandemonium.
 69714 | Depths:2 | Found a hazy altar of Hepliaklqana.
 70244 | Depths:3 | Noticed Sojobo
 70270 | Depths:3 | Found Oblumoro's General Store.
 70303 | Depths:3 | Found a magical portal.
 70308 | WizLab   | Entered Iskenderun's Mystic Tower
 70455 | WizLab   | Received a gift from Sif Muna
 70456 | WizLab   | Got Sif Muna's Omnibus of Forms and the Storm {god gift}
 71806 | WizLab   | Reached skill level 23 in Earth Magic
 72132 | WizLab   | Reached XP level 24. HP: 159/159 MP: 31/38
 73510 | D:13     | Received a gift from Sif Muna
 73514 | D:13     | Killed Raluixt's ghost
 73891 | Spider:1 | Killed Donald
 74028 | Spider:2 | Identified the +10 short sword "Goul" {spect, rCorr}
 74297 | Spider:2 | Found a runed translucent door.
 74330 | Spider:2 | Killed Arachne
 74561 | Spider:2 | Identified the +1 ring mail of Dunixef {-Cast Fly Stlth+}
 75424 | Depths:3 | Noticed a juggernaut
 75430 | Depths:3 | Killed a juggernaut
 75632 | Depths:3 | Identified the amulet "Mummyneudd" {Spirit Str+5 Dex+3}
 75885 | Depths:3 | Identified the +8 dagger "Waexa" {distort, rElec rCorr
                  | Dex+4}
 76023 | Depths:3 | Killed Sojobo
 76199 | Depths:3 | Reached skill level 24 in Earth Magic
 76215 | Depths:3 | Received a gift from Sif Muna
 76216 | Depths:3 | Got Sif Muna's Directory of Scorched Blasts {god gift}
 76859 | Depths:4 | Entered Level 4 of the Depths
 77666 | Depths:4 | Found an ornate altar of the Wu Jian Council.
 78009 | Depths:4 | Reached skill level 15 in Dodging
 78174 | Depths:4 | Found a gate to the Realm of Zot.
 78229 | Depths:4 | Identified the +4 ring mail of Insurance {Int+3 Dex-5 SInv}
 78255 | Depths:4 | Gained mutation: You occasionally lose the ability to read
                  | scrolls when taking damage. [a neqoxec]
 78572 | Depths:4 | Received a gift from Sif Muna
 78573 | Depths:4 | Got Sif Muna's Quarto of Glaciation and Conflict {god gift}
 79234 | Elf:3    | Entered Level 3 of the Elven Halls
 79424 | Elf:3    | Found Vuigisas's General Store.
 79473 | Elf:3    | Reached skill level 25 in Earth Magic
 79661 | Elf:3    | Reached XP level 25. HP: 168/168 MP: 39/39
 80045 | Elf:3    | Paralysed by an air elemental for 1 turns
 80045 | Elf:3    | Identified the +9 war axe "Nih Hayc" {antimagic, Contam
                  | rPois rN++ Str+2}
 80048 | Elf:3    | Paralysed by an air elemental for 1 turns
 80490 | Elf:3    | Identified the +11 flail of Fatigue {drain, rPois rF+ MP+9}
 80973 | Elf:3    | Identified the +7 whip of Dissent {flame, +Blink rF+++
                  | rCorr Str-2}
 81403 | Elf:3    | Found Esmesh's Armour Shoppe.
 81410 | Elf:3    | Identified Roxanne's Commentary on Shapeshifting
 81410 | Elf:3    | Noticed Roxanne
 81412 | Elf:3    | Killed Roxanne
 81430 | Elf:3    | Received a gift from Sif Muna
 81431 | Elf:3    | Got Sif Muna's Disquisition on Sculpting {god gift}
 81658 | Elf:3    | Found Noow's Weapon Shoppe.
 82011 | Depths:1 | Voluntarily entered the Abyss.
 82021 | Abyss:1  | Found a corrupted altar of Lugonu.
 82608 | Abyss:3  | Reached skill level 26 in Earth Magic
 82849 | Abyss:3  | Received a gift from Sif Muna
 82850 | Abyss:3  | Got Sif Muna's Handbook of the Filthy Iceberg {god gift}
 83066 | Abyss:3  | Got an abyssal rune of Zot
 83107 | Depths:1 | Escaped the Abyss
 83647 | Vaults:4 | Found a runed translucent door.
 83647 | Vaults:4 | Found a shimmering altar of Xom.
 83647 | Vaults:4 | Noticed Tagg's ghost (veteran DjIE)
 83657 | Vaults:4 | Killed Tagg's ghost
 84358 | Vaults:4 | Received a gift from Sif Muna
 84360 | Vaults:4 | Got Sif Muna's Disquisition on Iniquitous Liturgies and
                  | Earth {god gift}
 84690 | Vaults:4 | Killed Mennas
 84839 | Vaults:4 | Found Toaciniu's Magic Scroll Emporium.
 84847 | Vaults:4 | Bought a scroll of acquirement for 1040 gold pieces
 84847 | Vaults:4 | Acquired the +0 pair of boots "Fiopit" {rN+ Regen+}
 84919 | Vaults:5 | Entered Level 5 of the Vaults
 84921 | Vaults:5 | Reached skill level 27 in Earth Magic
 84921 | Vaults:5 | Reached XP level 26. HP: 176/176 MP: 39/39
 85240 | Vaults:5 | Noticed a dread lich
 85243 | Vaults:5 | Killed a dread lich
 85381 | Vaults:4 | Received a gift from Sif Muna
 85382 | Vaults:4 | Got Sif Muna's Grimoire of Dark Mysteries and the Geologist
                  | {god gift}
 85674 | Vaults:5 | Found the +7 Singing Sword {vorpal, sonic wave}
 85839 | Vaults:5 | Identified the +7 bardiche "Beast's Death" {venom, rC+
                  | Str+7 Int+3 Dex+2}
 86284 | Vaults:5 | Identified the +10 dagger "Waraifio" {drain, *Slow Will+
                  | Int+5}
 86418 | Vaults:5 | Identified the +7 trident "Nistrorgh" {holy, rElec Dex-5
                  | SInv}
 86642 | Vaults:5 | Identified the ring of Bean {*Slow rN+++ Will+ Str+3 Dex+6}
 86662 | Vaults:5 | Got a silver rune of Zot
 86733 | Vaults:5 | Found Kuriog's Weapon Shop.
 86938 | Vaults:5 | Reached skill level 10 in Axes
 87557 | Vaults:5 | Reached skill level 15 in Conjurations
 87828 | Vaults:5 | Identified the +1 pair of gloves "Kucroysi" {Fly rC+ Str+3
                  | Slay+2}
 89177 | Crypt:1  | Entered Level 1 of the Crypt
 89177 | Crypt:1  | Noticed Zenata
 89177 | Crypt:1  | Noticed Vv
 89180 | Crypt:1  | Killed Vv
 89180 | Crypt:1  | Received a gift from Sif Muna
 89184 | Vaults:3 | Killed Zenata
 89485 | Crypt:1  | Got Sif Muna's Volume of Vile Outbursts {god gift}
 90023 | Crypt:1  | Noticed Bai Suzhen
 90030 | Crypt:1  | Killed Bai Suzhen
 90203 | Crypt:1  | Reached XP level 27. HP: 183/183 MP: 13/40
 90972 | Crypt:1  | Identified the +6 flail of Mandamus {vamp, *Rage Int+6}
 91463 | Crypt:2  | Identified the +5 war axe of Conformity {elec, Contam
                  | Dex+7}
 91626 | Crypt:2  | Reached skill level 1 in Maces & Flails
 92538 | Crypt:2  | Identified the +7 ring mail of Prudence {rElec rPois rCorr
                  | Str-4}
 92543 | Crypt:2  | Identified the +4 halberd of Division {vorpal, Str+4}
 92670 | Crypt:2  | Received a gift from Sif Muna
 92671 | Crypt:2  | Got Sif Muna's Spellbook of Grit and Jinxing {god gift}
 93169 | Crypt:3  | Entered Level 3 of the Crypt
 93680 | Crypt:3  | Noticed Jory
 93891 | Crypt:3  | Killed Jory
 94914 | Crypt:3  | Found a staircase to the Tomb.
 95130 | Crypt:3  | Reached skill level 1 in Evocations
 95310 | Crypt:3  | Received a gift from Sif Muna
 95311 | Crypt:3  | Got Sif Muna's Dissertation on Battle Magic and
                  | Accompaniment {god gift}
 95382 | Crypt:3  | Found an ancient bone altar of Kikubaaqudgha.
 95388 | Crypt:3  | Identified the +0 robe "Vevof" {*Corrode rC+ Str+2 Dex+9}
 95390 | Crypt:3  | Found a basalt altar of Yredelemnul.
 95395 | Crypt:3  | Found the +4 dagger "Morg" {pain, Will+ Int+5}
 95406 | Crypt:3  | Identified the ring of Psychosis {rN+ Stlth+}
 95406 | Crypt:3  | Identified the ring of Mukosang {rPois rN+}
 95406 | Crypt:3  | Identified the ring of Spontaneous Combustion {rPois rF-
                  | rN+ SInv}
 95410 | Crypt:3  | Identified the +9 hand axe "Acinnu" {speed, rPois Will+
                  | Str+5}
 95457 | Crypt:3  | Identified the +1 chain mail "Ibyw" {rF+ rC++ Int-4 SInv}
 95458 | Crypt:3  | Identified the +9 shadow dragon scales "Cag Rogh" {rCorr
                  | MP+9 Stlth++++}
 97750 | Zot:1    | Entered Level 1 of the Realm of Zot
 97754 | Zot:1    | Noticed an orb of fire
 97848 | Zot:1    | Gained mutation: Your body sometimes deteriorates upon
                  | taking damage. [an orb of fire]
 97854 | Zot:1    | Killed an orb of fire
 98751 | Zot:1    | Lost mutation: You are agile. (Dex +4, Str/Int -1) [potion
                  | of mutation]
 98751 | Zot:1    | Lost mutation: You are partially covered in large bone
                  | plates. (SH +4) [potion of mutation]
 98751 | Zot:1    | Gained mutation: You sometimes lose the ability to read
                  | scrolls when taking damage. [potion of mutation]
 98751 | Zot:1    | Gained mutation: You are agile. (Dex +4, Str/Int -1)
                  | [potion of mutation]
101252 | Zot:2    | Found a shimmering altar of Xom.
101253 | Zot:2    | Found a shimmering altar of Xom.
101253 | Zot:2    | Found a shimmering altar of Xom.
101253 | Zot:2    | Found a glowing silver altar of Zin.
101254 | Zot:2    | Found a shimmering altar of Xom.
101257 | Zot:2    | Found a shimmering altar of Xom.
101257 | Zot:2    | Found a shimmering altar of Xom.
102138 | Zot:3    | Reached skill level 5 in Evocations
104018 | Zot:3    | Noticed an orb of fire
104020 | Zot:3    | Gained mutation: You occasionally lose the ability to drink
                  | potions when taking damage. [an orb of fire]
104022 | Zot:3    | Killed an orb of fire
105773 | Zot:5    | Entered Level 5 of the Realm of Zot
105775 | Zot:5    | Reached skill level 15 in Spellcasting
106454 | Zot:5    | Noticed an orb of fire
106456 | Zot:5    | Noticed an orb of fire
106457 | Zot:5    | Noticed a dread lich
106459 | Zot:5    | Killed an orb of fire
106467 | Zot:5    | Killed an orb of fire
106477 | Zot:5    | Killed a dread lich
106570 | Zot:5    | Identified the -1 hat of Rioroficak {Fly rF+ Str+4 Dex+2}
106573 | Zot:5    | Noticed an orb of fire
106577 | Zot:5    | Noticed an orb of fire
106582 | Zot:5    | Reached skill level 5 in Maces & Flails
106582 | Zot:5    | Gained mutation: Your magical capacity is low. (-10% MP)
                  | [an orb of fire]
106584 | Zot:5    | Gained mutation: Your body often deteriorates upon taking
                  | damage. [an orb of fire]
106584 | Zot:5    | Gained mutation: You sometimes lose the ability to drink
                  | potions when taking damage. [an orb of fire]
106587 | Zot:5    | Gained mutation: You have hidden genetic potential. [an orb
                  | of fire]
106592 | Zot:5    | Killed an orb of fire
106592 | Zot:5    | Gained mutation: Potions are less effective at restoring
                  | your health. [an orb of fire]
106614 | Zot:5    | Noticed an ancient lich
106617 | Zot:5    | Killed an ancient lich
106634 | Zot:5    | Gained mutation: You are weak. (Str -2) [an orb of fire]
106750 | Zot:4    | Lost mutation: You are weak. (Str -2) [potion of mutation]
106750 | Zot:4    | Lost mutation: You are agile. (Dex +4, Str/Int -1) [potion
                  | of mutation]
106750 | Zot:4    | Gained mutation: You have sharp toenails. [potion of
                  | mutation]
106751 | Zot:4    | Lost mutation: You have a pair of small horns on your head.
                  | [potion of mutation]
106751 | Zot:4    | Lost mutation: You sometimes lose the ability to drink
                  | potions when taking damage. [potion of mutation]
106751 | Zot:4    | Gained mutation: You expend magic power (3 MP) to
                  | strengthen your wands. [potion of mutation]
106779 | Zot:5    | Killed an orb of fire
106780 | Zot:5    | Reached skill level 15 in Necromancy
106908 | Zot:5    | Noticed an orb of fire
106913 | Zot:5    | Killed an orb of fire
107001 | Zot:5    | Noticed an orb of fire
107018 | Zot:5    | Killed an orb of fire
107413 | Zot:5    | Noticed an orb of fire
107416 | Zot:5    | Gained mutation: You sometimes lose your temper in combat.
                  | [an orb of fire]
107417 | Zot:5    | Killed an orb of fire
107435 | Zot:5    | Paralysed by a Zot trap for 4 turns
107470 | Zot:5    | Lost mutation: Potions are less effective at restoring your
                  | health. [potion of mutation]
107470 | Zot:5    | Lost mutation: You occasionally lose the ability to drink
                  | potions when taking damage. [potion of mutation]
107470 | Zot:5    | Gained mutation: You passively map a small area around you.
                  | [potion of mutation]
107470 | Zot:5    | Gained mutation: You passively dampen the noise of your
                  | surroundings. [potion of mutation]
107471 | Zot:5    | Lost mutation: You passively map a small area around you.
                  | [potion of mutation]
107471 | Zot:5    | Lost mutation: You sometimes lose your temper in combat.
                  | [potion of mutation]
107471 | Zot:5    | Lost mutation: You sometimes lose the ability to read
                  | scrolls when taking damage. [potion of mutation]
107727 | Zot:5    | Noticed an orb of fire
107733 | Zot:5    | Gained mutation: Your magical capacity is very low. (-20%
                  | MP) [an orb of fire]
107740 | Zot:5    | Killed an orb of fire
107886 | Zot:5    | Noticed an orb of fire
107914 | Zot:5    | Killed an orb of fire
108947 | Hell     | Entered the Vestibule of Hell
108947 | Hell     | Noticed Geryon
108958 | Hell     | Killed Geryon
109575 | Hell     | Found a gateway to the Iron City of Dis.
109958 | Zot:5    | Got the Orb of Zot
109973 | Zot:5    | Noticed Laereahe the pandemonium lord
109995 | Zot:5    | Noticed Jyomoro the pandemonium lord
110534 | D:1      | Noticed Maonua the pandemonium lord
110541 | D:1      | Killed Maonua the pandemonium lord
110567 | D:$      | Escaped with the Orb!

Illustrated notes

Levels and vault maps discovered:
D:1:      wander_arrival_estate, layout_loops_ring, minmay_misc_feat_encased,
          hex_medium
D:2:      layout_basic, hellmonk_ecumenical_altar_heavens_door, uniq_natasha,
          uniq_jessica
D:3:      layout_basic, cheibrodos_ashenzari_chains, kennysheep_okawaru_gauntlet
D:4:      layout_basic, kennysheep_orc_sif_temple,
          nicolae_overflow_hallway_of_the_gods, ebering_ghost_sewer_f,
          uniq_menkaure
D:5:      layout_basic
D:6:      layout_rooms, lemuel_round_altar, minmay_temple_entry_grid,
          minmay_statues_item, uniq_eustachio
D:7:      due_chaos_kobolds, layout_cave_pools, serial_column_ruins,
          column_ruins_columns_plus, column_ruins_grid_1,
          column_ruins_corridor_straight, column_ruins_open_small,
          column_ruins_columns_corner, eino_jars
D:8:      layout_loops_ring, lair_entry_dummy, nicolae_ossuary_entry_ruins,
          minmay_pinched_square
D:9:      layout_gridville, mainiacjoe_overflow_alcove_4, vehumet_statue,
          nicolae_uskayaw_dance_hall, tgw_kikubaaqudgha,
          nemelex_diamond_rough_becter, fedhas_altar_1,
          hangedman_feature_mirror, chequers_mini_garden, uniq_pikel, uniq_grum
D:10:     layout_long_grid
D:11:     layout_irregular_city, orc_0_dummy, gammafunk_ghost_necromancy,
          serial_shops, shop, minivault_22, minivault_27, nicolae_shop_fire_sale
          [nicolae_sub_dead_trees]
D:12:     layout_layer_cave, serial_shops, nicolae_shop_hallway_plus
D:13:     layout_small_grid, gammafunk_ghost_split, nicolae_figureground_pulse,
          uniq_kirke
D:14:     layout_loops_ring, hangedman_vaults_entry_quadrant_bands,
          serial_shops, nicolae_shop_statue_plus, minmay_shop_chei,
          minmay_ruined_shrine, uniq_rupert
D:15:     grunt_enter_depths_hoard, layout_basic, minmay_splitting_lines,
          eino_curves_04, uniq_josephine
Lair:1:   layout_cave_pods, grunt_megastairs_4, lemuel_fruit_tree
Lair:2:   layout_roguey, minmay_holes
Lair:3:   layout_hall_layers, minmay_shoals_entry_lonely_mermaid,
          hellmonk_spider_entry_life_and_decay, dreamdust_gnoll_shepherd,
          grunt_megastairs_1, lemuel_fruit_fields, uniq_nessos
Lair:4:   layout_cave_pods, minmay_slime_entry_pillars, eino_house_with_fridge,
          lemuel_fruit_fields, serial_bayou_shore_a
Lair:5:   gammafunk_lair_ancient_temple, layout_misc_corridors, st_stairs_4
Shoals:1: cheibrodos_shoals_epimethial_gifts, layout_shoals, uniq_mlioglotl
Shoals:2: layout_shoals, ebering_ghost_reflecting_pool, uniq_ilsuiw
Shoals:3: layout_shoals, serial_shops, nicolae_lakefront_shop
Shoals:4: shoals_end_grunt_ice, layout_shoals, serial_shops,
          nicolae_lakefront_shop
Spider:1: layout_spider_delve, portal_ice_cave_entry_ice_simulacra,
          hellmonk_narrow_tunnel, uniq_donald
Spider:2: cheibrodos_spider_deadly_dance, uniq_arachne
Spider:3: layout_spider_delve
Spider:4: grunt_spider_rune_circles, uniq_louise
Orc:1:    layout_caves, nicolae_shop_gadgets, uniq_snorg
Orc:2:    grunt_orc_gardens, layout_diamond_mine, grunt_orc_garden,
          grunt_orc_garden, grunt_orc_garden, grunt_orc_garden, enter_volcano_2,
          basic_altar, nicolae_specific_store
Elf:1:    elf_arrival_001, layout_loops_cross, serial_shops, shop_statue,
          minmay_elf_sorcery
Elf:2:    elven_hall_of_blades_hangedman_alternative [nicolae_blade_bullseye],
          layout_onion_city
Elf:3:    minmay_elf_hall_four_x, layout_geoelf_octagon, serial_shops,
          nicolae_shop_temple_entry_statues_fountains, shop,
          nicolae_lakefront_shop, uniq_roxanne
Vaults:1: vaults_mumra_chevron, ontoclasm_vaults_bender, v_misc_18,
          nicolae_vaults_triangles, nicolae_vaults_little_squares_3,
          grunt_vaults_funnel, hangedman_vaults_impose, v_misc_30,
          ontoclasm_vaults_pinch, vaults_dpeg_hooks, vaults_dpeg_cross,
          v_misc_8, vaults_room_semicircle, ontoclasm_vaults_spin,
          layout_vaults_omnibox
Vaults:2: nicolae_vaults_border_crossing, st_lattice,
          nicolae_vaults_little_squares_2, nicolae_vaults_network_periphery,
          vaults_room_large_hall, v_pattern_4, ontoclasm_vaults_eye,
          nicolae_vaults_diagonal_hallway_6, vaults_room_semicircle,
          vaults_dpeg_diagonal, layout_vaults_chaotic_city, uniq_margery
Vaults:3: ontoclasm_vaults_loading_screen, serial_ice_b, v_alt_pattern_2,
          v_misc_32, minmay_crypt_entry_simple_plaza, nicolae_vaults_big_ls,
          nicolae_vaults_three_branches, hangedman_vaults_river_flow,
          hangedman_vaults_nails, v_misc_24, dpeg_vaults_waves,
          layout_vaults_ring, serial_shops, nicolae_shop_trees, uniq_boris
Vaults:4: ebering_ghost_xom, vaults_dpeg_spiral, hangedman_vaults_snaps,
          v_misc_30, hangedman_vaults_nails, nicolae_vaults_yaktaur_gun_rack,
          hangedman_vaults_nodes, nicolae_vaults_little_squares_6,
          nicolae_vaults_little_ls, vaults_room_pools, v_misc_5,
          layout_vaults_omnigrid, serial_shops, nicolae_shop_waterfront,
          uniq_xtahua, uniq_saint_roka, uniq_mennas
Vaults:5
Crypt:1:  layout_chaotic_city, uniq_zenata, uniq_bai_suzhen, uniq_vv
Crypt:2:  layout_gridlike, small_statue_intersection, st_shrine_of_skulls,
          lemuel_upstairs_altar, uniq_grunn
Crypt:3:  lightli_unholy_cathedral, layout_chaotic_city,
          tomb_entry_simple_bobbens, uniq_josephina, uniq_jory
Depths:1: layout_gridlike, enter_ziggurat_d, hangedman_abyss_entry_splay,
          grunt_mini_vestibule, lemuel_flame_loot_1
Depths:2: nzn_winding_woodlands_medium [nzn_winding_woodlands_hourglass,
          nzn_winding_woodlands_5x15_default,
          nzn_winding_woodlands_5x5_checkerboard,
          nzn_winding_woodlands_5x5_perimeter,
          nzn_winding_woodlands_center_pierced_h,
          nzn_winding_woodlands_5x5_three, nzn_winding_woodlands_5x5_cross,
          nzn_winding_woodlands_5x15_pool,
          nzn_winding_woodlands_5x5_closed_star], layout_honeycomb,
          grunt_hell_entry_dis_old, abyss_entry_flame_altar,
          grunt_pan_entry_spiral, kennysheep_nondescript, serial_bayou_lagoon_a,
          worldfamousw_hep_ancestral_shrine, uniq_nikola
Depths:3: minmay_stepped, layout_gridlike, pf_hell_entry_tar_river,
          serial_shops, kennysheep_mini, kennysheep_cross_bottleneck,
          nicolae_abyss_entry_one_way_or_another, mu_enter_wizlab_2, uniq_sojobo
Depths:4: evilmike_zot_entry_hall, layout_cave_pools, rand_demon_pan_entry_1,
          pf_hell_entry_great_geh, nicolae_wu_jian_immortal_techniques
Hell
Zot:1:    kennysheep_room_grid, layout_gridlike, hangedman_elemental_grid_stream
Zot:2:    dreamdust_zin_vs_xom, layout_gridlike, st_single_dragon_hoard_2
Zot:3:    layout_onion, hangedman_player_shredder, lemuel_elevator
Zot:4:    layout_cathedral_of_symmetry
Zot:5:    layout_basic

Skill      XL: |  1  2  3  4  5  6  7  8  9 10 11 12 13 14 15 16 17 18 19 20 21 22 23 24 25 26 27 |
---------------+----------------------------------------------------------------------------------+-----
Earth Magic    | 4 5 6 7 8 9 10 11 12 14 15 16 18 19 21 23 25 27 | 27.0
Shields        | 1 2 3 4 5 6 7 8 9 10 12 | 12.1
Spellcasting   | 3 4 5 6 7 8 9 10 11 12 13 15 | 15.0
Conjurations   | 1 2 3 4 5 6 7 8 9 10 12 13 14 15 16 | 16.0
Air Magic      | 1 2 3 4 5 |  5.0
Fighting       | 3 4 6 7 8 9 10 12 13 15 16 17 18 19 20 21 24 | 24.0
Dodging        | 2 4 5 6 7 9 10 11 12 13 14 15 16 18 | 18.8
Axes           | 2 4 5 6 7 9 10 | 10.0
Invocations    | 2 4 6 7 9 10 | 10.1
Hexes          | 1 3 4 |  4.0
Ice Magic      | 3 6 7 |  7.0
Translocations | 3 |  3.0
Necromancy     | 4 5 6 8 9 10 16 | 16.0
Maces & Flails | 7 |  7.7
Evocations     | 5 |  5.0
Stealth        | |  2.1
Transmutations | |  0.7

Action                   |  1- 3 |  4- 6 |  7- 9 | 10-12 | 13-15 | 16-18 | 19-21 | 22-24 | 25-27 || total
-------------------------+-------+-------+-------+-------+-------+-------+-------+-------+-------++-------
Melee: Flail             |       |       |     3 |       |     1 |       |       |       |    50 ||    54
       War axe           |       |       |       |    18 |   283 |   252 |   301 |   272 |   185 ||  1311
       Headbutt          |       |       |       |       |   100 |    69 |   117 |   109 |   105 ||   500
       Staff             |       |       |       |       |       |       |       |       |    16 ||    16
       Sacred scourge    |       |       |       |       |       |       |       |       |    10 ||    10
 Cast: Sandblast         |    37 |    52 |   100 |    59 |    14 |     1 |     1 |       |       ||   264
       Stone Arrow       |       |     4 |    38 |   250 |   450 |     7 |     3 |     3 |       ||   755
       Lee's Rapid Decon |       |       |       |    19 |    74 |    10 |    12 |    36 |    24 ||   175
       Freezing Cloud    |       |       |       |       |    27 |     1 |    65 |    31 |     1 ||   125
       Leda's Liquefacti |       |       |       |       |     6 |       |       |       |     1 ||     7
       Swiftness         |       |       |       |       |     2 |       |       |       |       ||     2
       Iron Shot         |       |       |       |       |    11 |   210 |   318 |   400 |   710 ||  1649
       Borgnjor's Vile C |       |       |       |       |       |    13 |   205 |   274 |   250 ||   742
       Apportation       |       |       |       |       |       |       |       |     5 |     2 ||     7
       Shatter           |       |       |       |       |       |       |       |    13 |   117 ||   130
Invok: Channel Magic     |       |       |       |       |       |     1 |     2 |       |    22 ||    25
Evoke: Wand              |       |       |       |       |     8 |     4 |       |       |    10 ||    22
       Lightning rod     |       |       |       |       |     2 |     4 |       |       |     1 ||     7
       Phantom mirror    |       |       |       |       |     1 |       |       |       |       ||     1
       Condenser vane    |       |       |       |       |       |       |       |       |     1 ||     1
  Use: Scroll            |       |       |     8 |     9 |    15 |     9 |     6 |     8 |    13 ||    68
       Potion            |       |       |       |     3 |     3 |     7 |     1 |       |    13 ||    27
 Stab: Sleeping          |       |       |       |       |     1 |       |     1 |     2 |       ||     4
       Distracted        |       |       |       |       |       |       |       |       |     1 ||     1
Armor: Robe              |     2 |     5 |    30 |    49 |   194 |   182 |   189 |   163 |   203 ||  1017
       Skin              |       |       |       |       |       |    54 |       |       |       ||    54
Dodge: Dodged            |     6 |     9 |    73 |   137 |   200 |   210 |   287 |   260 |   422 ||  1604
Block: Buckler           |       |       |    13 |    50 |    36 |       |       |       |       ||    99
       Kite shield       |       |       |       |       |   458 |   443 |   529 |   387 |   582 ||  2399

Table legend: (Time is in decaauts)
 A = Elapsed time spent in this place.
 B = Non-inter-level travel time spent in this place.
 C = Inter-level travel time spent in this place.
 D = Time resting spent in this place.
 E = Time spent auto-exploring this place.
 F = Levels seen in this place.
 G = Mean time per level.
                   A        B        C        D        E       F      G
               +--------+--------+--------+--------+--------+-----+--------+
         Total | 111278 | 104212 |   7066 |  48115 |  37452 |  57 | 1952.2 |
       Dungeon |  22999 |  20056 |   2943 |   4424 |  12379 |  15 | 1533.3 |
          Lair |   8101 |   7397 |    704 |   1915 |   4131 |   5 | 1620.2 |
        Shoals |   8038 |   7833 |    205 |   4442 |   1897 |   4 | 2009.5 |
   Spider Nest |  10937 |  10588 |    349 |   5639 |   2891 |   4 | 2734.2 |
  Orcish Mines |   3245 |   2987 |    258 |   1500 |    841 |   2 | 1622.5 |
   Elven Halls |   7812 |   7299 |    513 |   3585 |   2237 |   3 | 2604.0 |
        Vaults |  17447 |  16780 |    667 |   9146 |   5094 |   5 | 3489.4 |
         Crypt |   5924 |   5732 |    192 |   3066 |   1774 |   3 | 1974.7 |
        Depths |  11782 |  11051 |    731 |   6276 |   3276 |   4 | 2945.5 |
          Hell |    232 |    228 |      4 |     98 |     21 |   1 |  232.0 |
           Zot |  11108 |  10612 |    496 |   6026 |   2726 |   5 | 2221.6 |
         Abyss |   1135 |   1135 |      0 |    324 |      0 |   3 |  378.3 |
       Ossuary |    242 |    242 |      0 |     34 |    150 |   1 |  242.0 |
      Ice Cave |     81 |     81 |      0 |     34 |      0 |   1 |   81.0 |
        Wizlab |   2191 |   2191 |      0 |   1605 |     34 |   1 | 2191.0 |
               +--------+--------+--------+--------+--------+-----+--------+

Top non-repeatable levels by time:
Vaults:4: 4553 daAuts
Vaults:2: 3899 daAuts
Vaults:3: 3723 daAuts
Depths:2: 3721 daAuts
   Zot:2: 3248 daAuts
Spider:3: 3226 daAuts
Spider:4: 3028 daAuts
   Elf:2: 2975 daAuts
 Crypt:2: 2920 daAuts
Depths:3: 2798 daAuts
Vaults:5: 2795 daAuts
   Zot:5: 2739 daAuts
Depths:1: 2719 daAuts
Depths:4: 2542 daAuts
   Elf:3: 2531 daAuts
